 Dungeon Crawl Stone Soup version 0.25-a0-502-g6516661a7a (webtiles) character file.

Game seed: 12041342746566569203, levelgen mode: deterministic

150790 kae the Black Belt (level 16, 0/125 HPs)
             Began as a Demonspawn Gladiator on Feb 12, 2020.
             Was the Champion of Wu Jian.
             Slain by a naga
             ... wielding a +1 halberd of protection
              (7 damage)
             ... on level 2 of the Snake Pit.
             The game lasted 00:27:14 (27107 turns).

kae the Black Belt (Demonspawn Gladiator)          Turns: 27107, Time: 00:27:15

Health: 0/125      AC: 23    Str: 17    XL:     16   Next: 99%
Magic:  0/16       EV: 21    Int: 13    God:    Wu Jian [******]
Gold:   1896       SH:  3    Dex: 23    Spells: 15/15 levels left

rFire    x . .     SeeInvis .     - Unarmed
rCold    + + .     Gourm    .   (no shield)
rNeg     + . .     Faith    .   A - quicksilver dragon scales
rPois    +         Spirit   +   M - +1 hat
rElec    .         Reflect  +   H - +1 cloak
rCorr    .         Harm     .   p - +2 pair of gloves
MR       +++++     Clarity  +   (boots unavailable)
Stlth    +.........             j - +3 amulet of reflection
HPRegen  0.30/turn              a - ring of Regegg {Ice rPois rN+ Int+4}
MPRegen  0.15/turn              b - ring "Qeepan" {+Fly rC+ MR+++ Int-3 Dex+2}

@: lethally poisoned (0 -> -1)
A: hooves 3, slimy green scales 1, agile 1, clarity, clever 1, spiny 2, magic
shield
a: Wall Jump, Serpent's Lash, Heavenly Storm, Renounce Religion, Evoke Flight


You were on level 2 of the Snake Pit.
You worshipped Wu Jian.
Wu Jian was exalted by your worship.
You were not hungry.

You visited 4 branches of the dungeon, and saw 24 of its levels.

You collected 1896 gold pieces.

Inventory:

Missiles
 c - 3 throwing nets (quivered)
Armour
 p - a +2 pair of gloves (worn)
 A - quicksilver dragon scales (worn)
 H - a +1 cloak (worn)
 M - a +1 hat (worn)
 N - the cursed +1 scale mail "Kehiwneviw" {Str-2 Slay+3 Stlth+}
   (You found it on level 6 of the Lair of Beasts)

   It affects your strength (-2).
   It affects your accuracy and damage with ranged weapons and melee attacks
   (+3).
   It makes you more stealthy.
   If you switch to wearing this armour, your AC will decrease by 4 (23 -> 19).
   It has a curse placed upon it.
Jewellery
 a - the ring of Regegg (left hand) {Ice rPois rN+ Int+4}
   (You found it on level 9 of the Dungeon)

   [ring of ice]

   It enhances your ice magic.
   It affects your intelligence (+4).
   It makes you vulnerable to fire.
   It protects you from cold.
   It protects you from poison.
   It protects you from negative energy.
 b - the ring "Qeepan" (right hand) {+Fly rC+ MR+++ Int-3 Dex+2}
   (You found it on level 5 of the Lair of Beasts)

   [ring of flight]

   It affects your intelligence (-3).
   It affects your dexterity (+2).
   It protects you from cold.
   It affects your resistance to hostile enchantments.
   It lets you fly.
 h - the ring "Utudaoc" {MP+9 Dex+6}
   (You found it on level 4 of the Dungeon)

   [ring of magical power]

   It affects your dexterity (+6).
   It affects your magic capacity (+9).
 j - a +3 amulet of reflection (around neck)
 k - an uncursed ring of stealth
 x - an uncursed ring of flight
 Q - a +3 amulet of reflection
 R - an uncursed amulet of magic regeneration
 T - an uncursed ring of see invisible
Wands
 e - a wand of iceblast (36)
 l - a wand of flame (34)
 n - a wand of disintegration (15)
 o - a wand of clouds (6)
 s - a wand of polymorph (20)
 y - a wand of random effects (39)
 E - a wand of enslavement (9)
 I - a wand of acid (6)
 K - a wand of digging (7)
Scrolls
 f - 11 scrolls of teleportation
 i - a scroll of fear
 m - 13 scrolls of remove curse
 q - 3 scrolls of enchant armour
 v - 4 scrolls of enchant weapon
 B - a scroll of blinking
 C - 8 scrolls of amnesia
 J - 5 scrolls of identify
 O - a scroll of brand weapon
 P - 3 scrolls of magic mapping
Potions
 g - 3 potions of mutation
 r - 4 potions of lignification
 t - 2 potions of might
 u - 4 potions of heal wounds
 w - 3 potions of flight
 z - 7 potions of curing
 D - 3 potions of ambrosia
 F - 3 potions of berserk rage
 G - 6 potions of agility
 L - a potion of haste
 S - a potion of cancellation
Comestibles
 d - 37 rations


   Skills:
 - Level 11.1 Fighting
 - Level 1.7 Throwing
 - Level 13.0 Armour
 - Level 12.2 Dodging
 + Level 17.4 Unarmed Combat


You had 15 spell levels left.
You didn't know any spells.
Your spell library contained the following spells:

 Spells                   Type           Power        Failure   Level  Hunger
 Animate Skeleton         Necr           N/A          43%         1    ##.....
 Apportation              Tloc           #.....       43%         1    ##.....
 Corona                   Hex            #......      43%         1    ##.....
 Magic Dart               Conj           #...         43%         1    ##.....
 Pain                     Necr           #...         43%         1    ##.....
 Summon Small Mammal      Summ           #...         43%         1    ##.....
 Blink                    Tloc           N/A          58%         2    ###....
 Call Imp                 Summ           #.......     58%         2    ###....
 Ensorcelled Hibernation  Hex/Ice        #.....       58%         2    ###....
 Poisonous Vapours        Pois/Air       #.....       58%         2    ###....
 Slow                     Hex            #.......     58%         2    ###....
 Confusing Touch          Hex            #.......     82%         3    ####...
 Conjure Flame            Conj/Fire      #.......     82%         3    ####...
 Dazzling Flash           Conj/Hex       #.....       82%         3    ####...
 Ignite Poison            Fire/Tmut/Pois #.......     82%         3    ####...
 Mephitic Cloud           Conj/Pois/Air  #.......     82%         3    ####...
 Spectral Weapon          Hex/Chrm       #.......     82%         3    ####...
 Tukima's Dance           Hex            #.......     82%         3    ####...
 Vampiric Draining        Necr           #.........   82%         3    ####...
 Animate Dead             Necr           N/A          99%         4    #####..
 Agony                    Necr           #.......     100%        5    ######.
 Darkness                 Hex            #.........   100%        6    #######
 Freezing Cloud           Conj/Ice/Air   #.........   100%        6    #######
 Ring of Flames           Chrm/Fire      #.........   100%        7    #######


Dungeon Overview and Level Annotations

Branches:
Dungeon (15/15)            Temple (1/1) D:7            Lair (6/6) D:9
 Shoals (0/4) Lair:2        Snake (2/4) Lair:4        Slime (0/5) Lair:5
    Orc (0/2) D:9          Vaults (0/5) D:13         Depths (0/5) D:15

Altars:
Ashenzari
Cheibriados
Dithmenos
Elyvilon
Fedhas
Gozag
Hepliaklqana
Kikubaaqudgha
Makhleb
Nemelex Xobeh
Okawaru
Qazlal
Ru
Sif Muna
Trog
Uskayaw
Vehumet
Wu Jian
Xom
Yredelemnul
Zin
The Shining One
Jiyva

Shops:
D:4 *   D:7 %   D:11 *   D:15 %

Annotations:
D:5 3 runed translucent doors, kae's ghost, novice KoEn
D:6 2 transporters
Lair:1 2 transporters, Thantalas's ghost, journeyman TrFi
Lair:5 exclusion: 2 oklob plants
Snake:1 2 transporters, Emealox's ghost, adept SpWn


Innate Abilities, Weirdness & Mutations

You have hooves in place of feet.
You are partially covered in slimy green scales. (AC +2)
You are mostly covered in sharp spines.
When hurt, damage is shared between your health and your magic reserves.
You are agile. (Dex +2)
You possess an exceptional clarity of mind.
Your mind is acute. (Int +2)


Message History

The salamander is moderately wounded.
The salamander hits you with a +3 trident.
You are engulfed in flames!!
The fire burns you terribly!
* * * LOW HITPOINT WARNING * * *
You spin and attack the salamander.
You barely miss the salamander. Your kick misses the salamander.
The salamander is moderately wounded.
* * * LOW HITPOINT WARNING * * *
You are more poisoned.
You punch the salamander! Your kick misses the salamander.
You punch the salamander, but do no damage.
The salamander is heavily wounded.
You feel sick.
The salamander is struck by your spines.
The salamander hits you with a +3 trident!
* * * LOW HITPOINT WARNING * * *
You are engulfed in flames!
The fire burns you terribly!
* * * LOW HITPOINT WARNING * * *
The naga hits you from afar with a +1 halberd of protection!
You die...

#.N ##........ ....###
...# .#........ .......
....#
...................
.....#
..................
......#
##................#
....... #............
###. #...###.........#
###...
#$NN#)........###...##
#...##NN@..^.....##...##
#.....###........##..##
#..... ##.......##...#
#.###. ##...)..###..## .
#. #...รท...##...# #.
#.......#....## #.
#........).....#
#..............#
#..#...........##


You could see a salamander (pinned), a naga ritualist and 2 nagas.

Vanquished Creatures
  Rupert (D:12)
  Donald (Snake:1)
  Josephine (D:10)
  8 hydras
  Harold (D:9)
  An ice dragon (Lair:6)
  2 rakshasas
  4 vault guards (D:13)
  A catoblepas (Lair:3)
  An ogre mage (D:13)
  4 naga warriors
  2 two-headed ogres
  7 anacondas
  2 centaur warriors
  Urug (Lair:5)
  5 death yaks (Lair:4)
  3 naga sharpshooters (Snake:1)
  5 shock serpents
  3 unseen horrors (D:14)
  A glowing orange brain (D:15)
  2 naga ritualists (Snake:1)
  A deep elf archer (D:13)
  2 deep elf magi
  2 lindwurms (Lair:6)
  2 wolf spiders (Lair:6)
  3 manticores
  An orc knight (D:13)
  8 ugly things
  A salamander (Snake:2)
  6 mana vipers
  4 cyclopes
  3 slime creatures (D:15)
  5 elephants (Lair:4)
  14 black mambas
  4 naga magi
  A guardian serpent (Lair:6)
  5 torpor snails (Lair:6)
  2 gargoyles
  A spiny frog (shapeshifter) (D:14)
  2 rime drakes
  18 spiny frogs
  An efreet (D:15)
  A yaktaur (shapeshifter) (D:15)
  A yaktaur (D:13)
  4 komodo dragons
  A komodo dragon (shapeshifter) (D:15)
  7 trolls
  A tengu conjurer (D:10)
  12 hornets
  3 tyrant leeches (Lair:6)
  3 meliai (D:13)
  A polar bear (Lair:5)
  12 blink frogs (Lair:4)
  A hornet (shapeshifter) (D:15)
  7 hippogriffs
  Prince Ribbit (D:6)
  Sigmund (D:3)
  47 yaks
  4 shadows
  3 redbacks (Lair:6)
  14 wyverns
  Eustachio (D:4)
  4 basilisks
  2 fire elementals (Lair:3)
  2 humans (shapeshifter)
  3 vampire mosquitoes (D:13)
  7 wraiths
  5 hungry ghosts
  Edmund (D:6)
  13 nagas
  2 acid dragons
  25 water moccasins
  7 porcupines
  Duvessa (D:6)
  8 orc warriors
  A black bear (D:6)
  2 sky beasts
  2 ice beasts
  4 phantoms
  3 eyes of draining
  7 ogres
  5 wolves (Lair:4)
  7 centaurs
  10 crocodiles
  A big kobold (D:9)
  A gnoll sergeant (D:9)
  14 bullfrogs
  Dowan (D:6)
  5 scorpions
  2 wyvern skeletons
  9 killer bees
  9 howler monkeys
  8 wights (D:12)
  4 electric eels
  8 crimson imps
  5 centaur zombies
  11 orc priests
  21 orc wizards
  2 hounds
  5 jellies
  7 centaur skeletons
  4 iguanas
  Jessica (D:2)
  A bullfrog skeleton (D:5)
  Natasha (thrice) (D:2)
  4 hell rats (Lair:4)
  11 worker ants
  3 hound zombies
  2 hound skeletons
  4 gnolls (D:9)
  14 adders
  6 shadow imps
  A white imp (D:12)
  2 oozes
  An adder zombie (D:8)
  2 adder skeletons (D:4)
  3 worms
  3 dart slugs
  6 leopard geckos
  61 orcs
  A ball python (D:4)
  10 giant cockroaches
  8 goblins
  10 hobgoblins
  11 jackals
  9 quokkas
  6 bats
  8 frilled lizards
  19 kobolds
  A leopard gecko skeleton (D:5)
  A quokka skeleton (D:6)
  A quokka zombie (D:5)
  4 rats
  3 plants (Lair:6)
725 creatures vanquished.

Vanquished Creatures (others)
  A tengu conjurer (D:13)
  An adder (D:2)
  2 fungi
  8 plants (Lair:6)
12 creatures vanquished.

Grand Total: 737 creatures vanquished

Notes
Turn   | Place    | Note
-------+----------+-------------------------------------------
     0 | D:1      | kae the Demonspawn Gladiator began the quest for the Orb.
     0 | D:1      | Reached XP level 1. HP: 16/16 MP: 1/1
   225 | D:1      | Reached skill level 3 in Unarmed Combat
   281 | D:1      | Gained mutation: You have large cloven feet. [demonic
                  | ancestry]
   281 | D:1      | Reached XP level 2. HP: 22/22 MP: 2/2
   914 | D:2      | Reached XP level 3. HP: 27/28 MP: 3/3
  1063 | D:2      | Noticed Jessica
  1069 | D:2      | Killed Jessica
  1069 | D:2      | Reached XP level 4. HP: 26/34 MP: 4/4
  1192 | D:2      | Reached skill level 4 in Unarmed Combat
  1310 | D:2      | Found a basalt altar of Yredelemnul.
  1362 | D:2      | Found a white marble altar of Elyvilon.
  1470 | D:2      | Noticed Natasha
  1480 | D:2      | Killed Natasha
  1840 | D:2      | Noticed Natasha
  1851 | D:2      | Killed Natasha
  1851 | D:2      | Gained mutation: You are partially covered in sharp spines.
                  | [demonic ancestry]
  1851 | D:2      | Reached XP level 5. HP: 18/41 MP: 5/5
  2042 | D:2      | Noticed Natasha
  2049 | D:2      | Killed Natasha
  2237 | D:2      | Found a basalt altar of Yredelemnul.
  2312 | D:2      | Found a white marble altar of Elyvilon.
  2477 | D:3      | Noticed Sigmund
  2536 | D:3      | Reached skill level 5 in Unarmed Combat
  2671 | D:3      | Found a sacrificial altar of Ru.
  2672 | D:3      | Found an iron altar of Okawaru.
  3020 | D:3      | Killed Sigmund
  3020 | D:3      | Gained mutation: You are mostly covered in sharp spines.
                  | [demonic ancestry]
  3020 | D:3      | Reached XP level 6. HP: 13/49 MP: 6/6
  3674 | D:3      | Found a glowing golden altar of the Shining One.
  3855 | D:4      | Reached skill level 6 in Unarmed Combat
  3931 | D:4      | Reached XP level 7. HP: 41/55 MP: 7/7
  4277 | D:4      | Reached skill level 5 in Fighting
  4316 | D:4      | Reached skill level 7 in Unarmed Combat
  4425 | D:4      | Got a scintillating iron ring
  4549 | D:4      | Noticed Eustachio
  4551 | D:4      | Identified the ring "Utudaoc" {MP+9 Dex+6} (You found it on
                  | level 4 of the Dungeon)
  4799 | D:4      | Found Lownager's Elemental Accessories.
  4804 | D:4      | Found a shattered altar of Ashenzari.
  4918 | D:4      | Reached XP level 8. HP: 64/64 MP: 8/8
  4971 | D:4      | Killed Eustachio
  5068 | D:4      | Found a shimmering blue altar of Sif Muna.
  5255 | D:5      | Entered Level 5 of the Dungeon
  5259 | D:5      | Reached skill level 8 in Unarmed Combat
  5373 | D:5      | Found a runed translucent gate.
  5373 | D:5      | Found a runed translucent gate.
  5373 | D:5      | Found a runed translucent gate.
  5810 | D:5      | Found a bloodstained altar of Trog.
  6251 | D:5      | Noticed kae's ghost (novice KoEn)
  6298 | D:6      | Found a transporter.
  6300 | D:6      | Found a transporter.
  6308 | D:6      | Found a stormy altar of Qazlal.
  6338 | D:6      | Reached skill level 9 in Unarmed Combat
  6342 | D:6      | Noticed Dowan
  6342 | D:6      | Noticed Duvessa
  6414 | D:6      | Killed Duvessa
  6422 | D:6      | Killed Dowan
  6704 | D:6      | Noticed Prince Ribbit
  6711 | D:6      | Killed Prince Ribbit
  6711 | D:6      | Gained mutation: When hurt, damage is shared between your
                  | health and your magic reserves. [demonic ancestry]
  6711 | D:6      | Reached XP level 9. HP: 60/72 MP: 9/9
  6759 | D:6      | Noticed Edmund
  6784 | D:6      | Killed Edmund
  7166 | D:7      | Found a staircase to the Ecumenical Temple.
  7194 | D:7      | Found a snail-covered altar of Cheibriados.
  7223 | Temple   | Entered the Ecumenical Temple
  7302 | Temple   | Became a worshipper of the Wu Jian Council
  7392 | D:7      | Reached skill level 10 in Unarmed Combat
  7395 | D:7      | Found a shadowy altar of Dithmenos.
  7427 | D:7      | Found Gahimir's Food Boutique.
  8567 | D:8      | Reached * piety under Wu Jian
  8586 | D:8      | Reached skill level 11 in Unarmed Combat
  8604 | D:8      | Found a hide-covered altar of Uskayaw.
  8719 | D:9      | Noticed Harold
  8731 | D:9      | Gained mutation: You have hoof-like feet. [demonic
                  | ancestry]
  8731 | D:9      | Reached XP level 10. HP: 57/82 MP: 10/10
  8733 | D:9      | Found a staircase to the Lair.
  9153 | D:9      | Found a staircase to the Orcish Mines.
  9626 | D:9      | Killed Harold
  9765 | D:9      | Reached skill level 12 in Unarmed Combat
  9946 | D:9      | Reached ** piety under Wu Jian
 10002 | D:9      | Got a steaming lapis lazuli ring
 10265 | D:10     | Entered Level 10 of the Dungeon
 10270 | D:10     | Identified the ring of Regegg {Ice rPois rN+ Int+4} (You
                  | found it on level 9 of the Dungeon)
 10383 | D:10     | Reached skill level 10 in Fighting
 10564 | D:10     | Noticed a two-headed ogre
 10570 | D:10     | Reached XP level 11. HP: 83/90 MP: 11/11
 10574 | D:10     | Killed a two-headed ogre
 10625 | D:10     | Reached skill level 13 in Unarmed Combat
 10635 | D:10     | Noticed Josephine
 10663 | D:10     | Killed Josephine
 10670 | D:10     | Reached *** piety under Wu Jian
 11118 | D:11     | Found Posepek's General Store.
 11499 | Lair:1   | Entered Level 1 of the Lair of Beasts
 11557 | Lair:1   | Found a transporter.
 11569 | Lair:1   | Found a transporter.
 11596 | Lair:1   | Reached skill level 5 in Dodging
 11762 | Lair:1   | Noticed an eight-headed hydra
 11769 | Lair:1   | Killed an eight-headed hydra
 11823 | Lair:1   | Noticed Thantalas's ghost (journeyman TrFi)
 11824 | Lair:1   | Found a bloodstained altar of Trog.
 11832 | Lair:1   | Identified the +10 spear "Esuren" {freeze, Str+6 SInv
                  | Stlth+}
 11832 | Lair:1   | Noticed a spriggan rider
 11898 | Lair:2   | Gained mutation: You are dopey. (Int -2) [potion of
                  | mutation]
 11898 | Lair:2   | Gained mutation: Your spells are a little harder to cast,
                  | but a little more powerful. [potion of mutation]
 11899 | Lair:2   | Lost mutation: Your spells are a little harder to cast, but
                  | a little more powerful. [potion of mutation]
 11899 | Lair:2   | Lost mutation: You are dopey. (Int -2) [potion of mutation]
 11899 | Lair:2   | Gained mutation: Your mind is acute. (Int +2) [potion of
                  | mutation]
 11899 | Lair:2   | Gained mutation: You possess an exceptional clarity of
                  | mind. [potion of mutation]
 11899 | Lair:2   | Gained mutation: You are agile. (Dex +2) [potion of
                  | mutation]
 11913 | Lair:2   | Found a staircase to the Shoals.
 11957 | Lair:2   | Reached skill level 5 in Armour
 12222 | Lair:2   | Reached **** piety under Wu Jian
 12230 | Lair:2   | Reached XP level 12. HP: 87/97 MP: 12/12
 13226 | Lair:3   | Noticed a catoblepas
 13236 | Lair:3   | Killed a catoblepas
 14014 | Lair:4   | You fall into a shaft and drop 1 floor!
 14132 | Lair:5   | Got a vibrating amber ring
 14194 | Lair:5   | Identified Biotolad's Papyrus of Malediction and the Blaze
 14514 | Lair:5   | Reached ***** piety under Wu Jian
 14711 | Lair:5   | Noticed Urug
 14856 | Lair:5   | Found a viscous altar of Jiyva.
 14856 | Lair:5   | Found a staircase to the Slime Pits.
 15291 | Lair:4   | Noticed a death yak
 15291 | Lair:4   | Noticed a death yak
 15292 | Lair:4   | Noticed a death yak
 15293 | Lair:4   | Noticed a death yak
 15294 | Lair:4   | Noticed a death yak
 15309 | Lair:4   | Killed a death yak
 15325 | Lair:4   | Killed a death yak
 15331 | Lair:4   | Killed a death yak
 15342 | Lair:4   | Killed a death yak
 15342 | Lair:4   | Gained mutation: You have hooves in place of feet. [demonic
                  | ancestry]
 15342 | Lair:4   | Reached XP level 13. HP: 43/103 MP: 12/13
 15570 | Lair:4   | Reached skill level 10 in Dodging
 15904 | Lair:4   | Found a staircase to the Snake Pit.
 15920 | Lair:4   | Reached skill level 10 in Armour
 16386 | Lair:4   | Identified the ring "Qeepan" {+Fly rC+ MR+++ Int-3 Dex+2}
                  | (You found it on level 5 of the Lair of Beasts)
 16546 | Lair:5   | Killed Urug
 16567 | Lair:6   | Entered Level 6 of the Lair of Beasts
 16702 | Lair:6   | Found a runed translucent door.
 17092 | Lair:6   | Paralysed by a hornet for 2 turns
 17996 | Lair:6   | Got a slimy scale mail
 18130 | Lair:6   | Identified the cursed +1 scale mail "Kehiwneviw" {Str-2
                  | Slay+3 Stlth+} (You found it on level 6 of the Lair of
                  | Beasts)
 18212 | Lair:6   | Reached XP level 14. HP: 70/110 MP: 14/14
 19787 | D:12     | Noticed Rupert
 19799 | D:12     | Reached ****** piety under Wu Jian
 19814 | D:12     | Killed Rupert
 21555 | D:13     | Reached skill level 14 in Unarmed Combat
 21801 | D:13     | Found a gate to the Vaults.
 22308 | D:14     | Reached XP level 15. HP: 114/115 MP: 15/15
 22682 | D:14     | Reached skill level 15 in Unarmed Combat
 23053 | D:15     | Entered Level 15 of the Dungeon
 23210 | D:15     | Found an ancient bone altar of Kikubaaqudgha.
 23325 | D:15     | Found Oxtatten's Food Emporium.
 23666 | D:15     | Found a staircase to the Depths.
 23983 | Snake:1  | Entered Level 1 of the Snake Pit
 24005 | Snake:1  | Reached skill level 16 in Unarmed Combat
 24053 | Snake:1  | HP: 5/115 [poisoned by a naga ritualist (toxic radiance)]
 24059 | Snake:1  | HP: 5/115 [poisoned by a naga ritualist (toxic radiance)]
 24067 | Snake:1  | HP: 5/115 [poisoned by a naga ritualist (toxic radiance)]
 24467 | Snake:1  | Noticed Donald
 24482 | Snake:1  | Killed Donald
 25284 | Snake:1  | Found a transporter.
 25583 | Snake:1  | Identified the +8 battleaxe of Anlauw {distort, rElec
                  | rPois}
 25585 | Snake:1  | Found a bloodstained altar of Trog.
 25585 | Snake:1  | Noticed Emealox's ghost (adept SpWn)
 26325 | Snake:1  | Reached skill level 17 in Unarmed Combat
 26651 | Snake:1  | Identified the cursed +1 long sword of the Tiger {flame,
                  | Dex+3}
 26664 | Snake:1  | Found a transporter.
 26665 | Snake:1  | Identified the cursed +0 trident "Qungoz" {venom, rElec rF-
                  | MR+++ Int-3}
 27042 | Snake:2  | Gained mutation: You are partially covered in slimy green
                  | scales. (AC +2) [demonic ancestry]
 27042 | Snake:2  | Reached XP level 16. HP: 125/125 MP: 16/16
 27107 | Snake:2  | Slain by a naga

Levels and vault maps discovered:
D:1:      grunt_arrival_crossed_arrows, layout_loops_corners
D:2:      layout_rooms, kennysheep_ying_yang, ebering_dispersal_statue_hall,
          minivault_26, nrook_campfire, minmay_distorted, uniq_natasha,
          uniq_jessica
D:3:      layout_loops_ring, minitemple, tso_altar, first_ration, minivault_23,
          uniq_sigmund
D:4:      minmay_diamond_boxcup, layout_loops_ring, tgw_sif,
          overflow_temple_1_default, st_stairs_6, minmay_misc_feat_hallway,
          chequers_arboretum, grunt_decor_one_mirror, nicolae_elemental_shop,
          uniq_eustachio
D:5:      layout_loops_corners, trog_eyes_of_draining, gammafunk_ghost_icy
D:6:      layout_rooms, gammafunk_temple_overflow_arena, uniq_duvessa,
          uniq_prince_ribbit1, uniq_edmund
D:7:      layout_basic, nicolae_dithmenos_shadow_blocks,
          overflow_temple_1_default, minmay_temple_entry_trees, serial_shops,
          kennysheep_mini
D:8:      layout_basic, old_standard_altar, eino_jars
D:9:      layout_loops_cross, dpeg_oklobed_lair, orc_0_dummy, uniq_harold
D:10:     layout_loops_cross, grunt_tengu_nest, uniq_josephine
D:11:     layout_cross, serial_shops, nicolae_shop_waterfront
D:12:     layout_basic, st_stairs_6, minmay_fire_ice_demons, uniq_rupert
D:13:     layout_long_grid, grunt_vaults_entry_fortified
D:14:     layout_long_grid, minmay_fountain_box,
          minmay_fractal_squares_diagonal_5
D:15:     gammafunk_enter_depths_forms, layout_long_grid, serial_shops,
          nicolae_shop_stone, basic_altar
Temple:   cyrus_temple_forest
Lair:1:   layout_concentric_octagons, gammafunk_ghost_wrathful_warriors
Lair:2:   layout_long_grid, shoals_dummy_entry, pond, serial_bayou_shore_a
Lair:3:   layout_gridlike, infiniplex_staircase_pool
Lair:4:   layout_cave_pods, guppyfry_snake_entry_garden,
          infiniplex_staircase_pool_2
Lair:5:   dpeg_oklob_gauntlet, layout_layer_cave, slime_altar_1,
          beast_lair_carwin_5, uniq_urug
Lair:6:   wormcave, layout_regular_city, hangedman_lair_tendril_chambers
Snake:1:  layout_layer_cave, gammafunk_ghost_wrathful_warriors, uniq_donald
Snake:2:  layout_onion, drop_trap

Skill      XL: |  1  2  3  4  5  6  7  8  9 10 11 12 13 14 15 |
---------------+----------------------------------------------+-----
Unarmed Combat | 3 4 5 6 7 9 11 12 13 14 17 | 17.4
Fighting       | 3 4 5 7 8 10 11 | 11.1
Armour         | 6 9 11 13 | 13.0
Dodging        | 6 9 11 12 | 12.2
Throwing       | |  1.7

Action                   |  1- 3 |  4- 6 |  7- 9 | 10-12 | 13-15 | 16-18 || total
-------------------------+-------+-------+-------+-------+-------+-------++-------
Melee: Unarmed           |    91 |   147 |   317 |   668 |  1236 |    49 ||  2508
       Kick              |    20 |    47 |   124 |   297 |   667 |    24 ||  1179
       Punch             |       |     2 |    22 |    62 |   152 |     6 ||   244
Invok: Lunge             |       |       |    13 |    44 |    78 |     1 ||   136
       Whirlwind         |       |       |       |    34 |   118 |     9 ||   161
 Abil: Wall Jump         |       |       |       |     8 |     6 |     1 ||    15
Evoke: Wand              |       |       |     2 |       |       |       ||     2
  Use: Scroll            |     3 |     7 |     7 |    10 |     9 |       ||    36
       Potion            |       |     1 |     5 |     3 |     1 |       ||    10
 Stab: Sleeping          |       |       |    10 |       |       |       ||    10
       Distracted        |       |       |     1 |       |       |       ||     1
       Confused          |       |       |       |       |     2 |       ||     2
  Eat: Chunk             |       |     9 |    16 |    21 |    29 |       ||    75
       Ration            |       |       |       |       |     3 |       ||     3
Armor: Leather armour    |    25 |    23 |    56 |    14 |       |       ||   118
       Quicksilver drago |       |       |       |   121 |   264 |    16 ||   401
Dodge: Dodged            |    58 |    99 |   131 |   303 |   816 |    27 ||  1434
Block: Other             |       |       |     3 |    51 |    96 |     1 ||   151
       Reflection        |       |       |       |       |     6 |       ||     6

Table legend:
 A = Non-vault XP
 B = Vault XP
 C = Vault XP percentage of total XP
 D = Non-vault monster count
 E = Vault monster count
 F = Vault count percentage of total count
                 A         B        C        D         E       F
            +---------+---------+-------+---------+---------+-------
      Total |  110142 |   44119 |  28.6 |     598 |     125 |  17.3
            +---------+---------+-------+---------+---------+-------
        D:1 |      30 |       0 |   0.0 |      20 |       0 |   0.0
        D:2 |     145 |      75 |  34.1 |      23 |       3 |  11.5
        D:3 |     137 |     238 |  63.5 |      32 |       1 |   3.0
        D:4 |     837 |     280 |  25.1 |      26 |       6 |  18.8
        D:5 |     259 |     245 |  48.6 |      21 |       4 |  16.0
        D:6 |     815 |     656 |  44.6 |      34 |       4 |  10.5
        D:7 |     793 |       0 |   0.0 |      14 |       0 |   0.0
        D:8 |     701 |     249 |  26.2 |      17 |       4 |  19.0
        D:9 |    2824 |    1023 |  26.6 |      43 |       1 |   2.3
       D:10 |    3093 |    1969 |  38.9 |      32 |       5 |  13.5
       D:11 |    1663 |       0 |   0.0 |      20 |       0 |   0.0
       D:12 |    5930 |    3190 |  35.0 |      39 |       3 |   7.1
       D:13 |   10599 |    6766 |  39.0 |      40 |      10 |  20.0
       D:14 |   11451 |    1922 |  14.4 |      33 |       5 |  13.2
       D:15 |    7761 |    3956 |  33.8 |      23 |       8 |  25.8
     Lair:1 |    2703 |       0 |   0.0 |      10 |       0 |   0.0
     Lair:2 |    5154 |     189 |   3.5 |      29 |       2 |   6.5
     Lair:3 |    2707 |       0 |   0.0 |      10 |       0 |   0.0
     Lair:4 |   14039 |     652 |   4.4 |      48 |       4 |   7.7
     Lair:5 |    3119 |    2725 |  46.6 |      16 |       8 |  33.3
     Lair:6 |    6086 |   17904 |  74.6 |      18 |      56 |  75.7
    Snake:1 |   19600 |    2080 |   9.6 |      35 |       1 |   2.8
    Snake:2 |    9696 |       0 |   0.0 |      15 |       0 |   0.0
            +---------+---------+-------+---------+---------+-------
